[Event "WSTCC-65 2024"]
[Site "Krakow"]
[Date "2024.07.07"]
[Round "6.1"]
[White "Gruenfeld, Yehuda"]
[Black "Nunn, John D M"]
[Result "0-1"]
[ECO "B94"]
[WhiteElo "2400"]
[BlackElo "2552"]
[Annotator "TA"]
[PlyCount "98"]
[EventDate "2024.07.01"]
[EventType "team-tourn"]
[EventCountry "POL"]
[SourceTitle "playchess.com"]
[Source "ChessBase"]
[SourceQuality "1"]
[TimeControl "40/5400+30:1800+30"]

1. e4 c5 2. Nf3 d6 3. d4 cxd4 4. Nxd4 Nf6 5. Nc3 a6 6. Bg5 Nbd7 7. Bc4 Qb6 {[%emt 0:00:58] B94: Sicilian Najdorf: 6 Bg5 Nbd7.} 8. Nb3 e6 9. Qe2 Be7 10. O-O $146 ({Predecessor:} 10. f4 Qc7 11. O-O-O b5 12. Bxb5 axb5 13. Nxb5 Qb8 14. Rhe1 Ba6 15. a4 Bxb5 16. axb5 {0-1 Llanes Luno,P (2103)-Newrkla,K (2210) Aragon-chT Honor GrA 2016 (5.3)}) 10... h6 11. Bd2 O-O 12. a4 Ne5 13. a5 Qc7 14. Bd3 Nxd3 15. cxd3 b5 16. Rfc1 Qb7 17. Na2 (17. f3 $11) 17... e5 $1 $15 18. Bb4 Be6 19. Nd2 Rac8 20. Nc3 Rfd8 21. Re1 Nd7 22. g3 (22. Nf1 $17) 22... Nb8 $19 23. f4 f6 24. Nd5 Bxd5 25. exd5 Qxd5 26. Nf3 Bf8 27. Bc3 Nc6 28. Qe4 Qb3 29. Re2 $2 (29. Rac1) 29... b4 $19 30. Be1 d5 31. Qg6 e4 32. Nh4 Ne7 33. Qg4 Qxd3 ({Weaker is} 33... exd3 34. Qf3 $19) 34. Rd2 Qe3+ 35. Kg2 f5 36. Qd1 Qc5 37. Bf2 e3 38. Bg1 d4 39. Rd3 $2 (39. Bxe3 g5 40. fxg5 dxe3 41. Rxd8 Rxd8 42. Qxd8 hxg5 43. Nxf5 (43. Nf3 $2 Qc2+ 44. Kh1 Qe4 $19) 43... Qxf5 44. Rf1 Qe4+ 45. Kg1) 39... Qc2+ $19 40. Qxc2 Rxc2+ 41. Kh1 Rd5 42. Nf3 Rxb2 ({Much less strong is} 42... Nc6 43. Bxe3 Rxb2 (43... Rxa5 $2 44. Rxa5 Nxa5 45. Bxd4 $19) 44. Nxd4) 43. Rxd4 (43. Re1 $142) 43... Rxd4 $19 44. Nxd4 Nd5 45. Rc1 e2 46. Re1 b3 47. Nxe2 Bb4 48. Rd1 Rxe2 49. Rxd5 b2 0-1

[Event "WSTCC-65 2024"]
[Site "Krakow"]
[Date "2024.07.07"]
[Round "6.1"]
[White "Janocha, Wieslaw"]
[Black "Westerinen, Heikki M.J."]
[Result "1/2-1/2"]
[ECO "C10"]
[WhiteElo "2167"]
[BlackElo "2221"]
[Annotator "TA"]
[PlyCount "41"]
[EventDate "2024.07.01"]
[EventType "team-tourn"]
[EventCountry "POL"]
[SourceTitle "playchess.com"]
[Source "ChessBase"]
[SourceQuality "1"]
[TimeControl "40/5400+30:1800+30"]

1. e4 e6 2. d4 d5 3. Nd2 {[%emt 0:00:20][%cal Bb1d2,Bd2e4,Be4g5][%mdl 32] EV=11.32} dxe4 4. Nxe4 Bd7 5. Nf3 Bc6 6. Bd3 Nd7 7. O-O Ngf6 8. Neg5 Bd6 9. Re1 h6 {[%emt 0:01:58] C10: Frans met 3 Pc3: Ongebruikelijke Zwart 3e zetten en 3...dxe4.} 10. Ne4 {[%emt 0:06:59] OK} Nxe4 {[%emt 0:01:49] OK} 11. Bxe4 Bxe4 {[%emt 0:00:12] De stelling is in evenwicht.} 12. Rxe4 Nf6 {[%emt 0:01:42] Onnauwkeurig} 13. Re2 $146 {[%emt 0:01:16] Fout (0.5)} (13. Re1 $14 {kan beter zijn.}) ({Predecessor:} 13. Re1 O-O {½-½ Nevednichy,V (2537)-Ionescu,C (2451) ROM-ch Iasi 1999 (5)}) 13... O-O 14. b3 {[%emt 0:01:28] Onnauwkeurig} c6 15. Bb2 {[%emt 0:02:41] OK} Qa5 16. Ne5 Rfd8 17. Qe1 {[%emt 0:06:46] Voorkomt c5. Fout (0.6)} ({Wit zou moeten proberen} 17. c4 $11) 17... Qxe1+ $15 {[%emt 0:00:48] Beste (Gemakkelijk)} 18. Raxe1 Rac8 {[%emt 0:02:15] Onnauwkeurig} 19. Nd3 Nd5 20. Rd1 {[%emt 0:04:25] Onnauwkeurig} Nf4 {[%emt 0:00:44] Onnauwkeurig} 21. Red2 {[%emt 0:00:40] Blunder waarde: Wit=0.26 (precies) /Zwart=0.16 (erg precies) .  Fout:        	Wit=2      	---        Onnauwkeurig:    	Wit=2      	Zwart=3      OK:         	Wit=2      	Zwart=1      Beste:        	---       	Zwart=1} 1/2-1/2

[Event "WSTCC-65 2024"]
[Site "Krakow"]
[Date "2024.07.07"]
[Round "6.1"]
[White "Shilov, Sergej"]
[Black "Thuesen, Mogens"]
[Result "0-1"]
[ECO "C11"]
[WhiteElo "2143"]
[BlackElo "2158"]
[Annotator "RC"]
[PlyCount "88"]
[EventDate "2024.07.01"]
[EventType "team-tourn"]
[EventCountry "POL"]
[SourceTitle "playchess.com"]
[Source "ChessBase"]
[SourceQuality "1"]
[TimeControl "40/5400+30:1800+30"]

1. e4 e6 2. d4 d5 3. Nc3 Nf6 4. Bg5 dxe4 5. Nxe4 Be7 6. Bxf6 gxf6 7. Nf3 f5 8. Ng3 h5 9. h4 c5 10. Bb5+ Nd7 11. Qe2 a6 12. Bxd7+ Bxd7 13. O-O-O Qc7 14. Ne5 Rd8 15. Kb1 Bf6 16. Nxh5 Rxh5 17. Qxh5 Ba4 18. Qh6 Bxc2+ 19. Kxc2 cxd4+ 20. Nc4 Qxc4+ 21. Kb1 Ke7 22. Rc1 Qd3+ 23. Ka1 Rd7 24. Rc8 e5 25. Rhc1 Ke6 26. Qf8 Bxh4 27. a3 Be7 28. Qe8 Qb5 29. R1c5 Qf1+ 30. Ka2 Qxg2 31. Rxe5+ Kxe5 32. Qxd7 Qd5+ 33. Qxd5+ Kxd5 34. Rc7 Bh4 35. Rxf7 Ke4 36. Kb3 Bxf2 37. Rxb7 f4 38. Kc4 Be3 39. Re7+ Kf3 40. b4 Ke2 41. a4 f3 42. b5 axb5+ 43. axb5 f2 44. Rf7 d3 0-1

[Event "WSTCC-65 2024"]
[Site "Krakow"]
[Date "2024.07.07"]
[Round "6.2"]
[White "Kosten, Anthony C."]
[Black "Mikhalevski, Alexander"]
[Result "1/2-1/2"]
[ECO "A14"]
[WhiteElo "2360"]
[BlackElo "2393"]
[Annotator "RC"]
[PlyCount "88"]
[EventDate "2024.07.01"]
[EventType "team-tourn"]
[EventCountry "POL"]
[SourceTitle "playchess.com"]
[Source "ChessBase"]
[SourceQuality "1"]
[TimeControl "40/5400+30:1800+30"]

1. c4 e6 2. g3 d5 3. Bg2 Nf6 4. Nf3 Be7 5. O-O O-O 6. b3 b6 7. Bb2 Bb7 8. e3 Nbd7 9. Nc3 c5 10. Qe2 Rc8 11. Rfd1 Qc7 12. Rac1 Qb8 13. cxd5 Nxd5 14. Nxd5 Bxd5 15. e4 Bb7 16. d4 Bf6 17. Ba3 Be7 18. Ne1 Rfe8 19. dxc5 Nxc5 20. e5 Bxg2 21. Nxg2 Qb7 22. h4 b5 23. Ne3 a6 24. Rc2 Bf8 25. Qg4 a5 26. Rdc1 b4 27. Bb2 a4 28. bxa4 Nxa4 29. Ba1 Rxc2 30. Rxc2 Rc8 31. Rxc8 Qxc8 32. Qc4 Qb7 33. Qc2 Qd7 34. Qd1 Qc6 35. Qc2 Qd7 36. Qd1 Qc6 37. Bd4 h6 38. Qc2 Qd7 39. Qc4 Qb7 40. Kf1 Qe4 41. Ke2 h5 42. Qd3 Qc6 43. Qc4 Qe4 44. Qd3 Qc6 1/2-1/2

[Event "WSTCC-65 2024"]
[Site "Krakow"]
[Date "2024.07.07"]
[Round "6.2"]
[White "Hentunen, Asko"]
[Black "Swierczewski, Marek"]
[Result "1/2-1/2"]
[ECO "A11"]
[WhiteElo "2207"]
[BlackElo "2059"]
[Annotator "TA"]
[PlyCount "115"]
[EventDate "2024.07.01"]
[EventType "team-tourn"]
[EventCountry "POL"]
[SourceTitle "playchess.com"]
[Source "ChessBase"]
[SourceQuality "1"]
[TimeControl "40/5400+30:1800+30"]

1. c4 c6 2. Qa4 e5 3. Nc3 Nf6 4. Nf3 Bd6 5. g3 O-O 6. Bg2 Bc7 7. c5 (7. O-O $11 {is superior.}) 7... d5 ({Black should play} 7... Qe7 $15) 8. cxd6 $11 Bxd6 9. O-O Nbd7 10. d4 exd4 11. Qxd4 Bc5 12. Qd3 Nb6 13. Qc2 Be7 (13... h6 $11 {should be considered.}) 14. Rd1 $14 Qe8 15. h3 {[%emt 0:02:17] White is more active.} Nbd5 16. Nxd5 Nxd5 17. Nd4 Bf6 18. e4 Nb4 19. Qc4 a5 20. a3 Bxd4 21. Rxd4 Be6 22. Qe2 c5 23. Rd1 Nc6 24. Be3 $36 {[%emt 0:00:10][%mdl 2048] Wards off Nd4. White has the initiative.} b6 25. Qb5 {[%emt 0:04:05] Against Bb3} Nd4 26. Qxe8 Rfxe8 27. Bxd4 cxd4 28. Rxd4 Rec8 29. Rad1 Bb3 30. R1d2 g6 31. f4 Rab8 32. e5 Rc5 33. Bd5 Bxd5 34. Rxd5 Rbc8 35. Rxc5 (35. R5d3 $16) 35... Rxc5 $16 {[%emt 0:00:08][%mdl 4096] Endgame. KR-KR} 36. Kf2 Rb5 37. g4 h6 (37... Kf8 $11) 38. Re2 (38. Kf3 $16) 38... Rb3 $11 39. Kg2 Kf8 40. Rc2 Ke7 41. h4 Kf8 (41... b5 $11 {keeps the balance.}) 42. h5 $16 gxh5 43. gxh5 a4 44. f5 (44. Rc8+ $16 Ke7 45. Rc6) 44... Rb5 $11 {[%emt 0:03:50] The position is equal.} 45. Rc8+ Ke7 46. Rc6 Rxe5 47. f6+ (47. Rxh6 Rxf5 48. Rxb6 Rg5+ 49. Kf2 Rxh5) 47... Kd7 48. Rxb6 Rxh5 49. Rb4 Ra5 50. Re4 Rb5 51. Re7+ Kd6 52. Rxf7 Rxb2+ 53. Kg3 Ke6 54. Ra7 Kxf6 {[%emt 0:00:00] [#] Hoping for ...Rb3+.} 55. Rxa4 Ke5 56. Kg4 Kd5 57. Ra8 Kc6 58. Kh5 {[%emt 0:00:31] Weighted Error Value: White=0.11 (very precise) /Black=0.11 (very precise) .  Mistake:       	White=4     	Black=4      Inaccurate:     	White=2     	Black=2      OK:         	White=19    	Black=19     Best:        	White=2     	Black=3} 1/2-1/2

[Event "WSTCC-65 2024"]
[Site "Krakow"]
[Date "2024.07.07"]
[Round "6.2"]
[White "Holst, Per"]
[Black "Gasik, Piotr"]
[Result "0-1"]
[ECO "A80"]
[WhiteElo "2073"]
[BlackElo "1954"]
[Annotator "RC"]
[PlyCount "104"]
[EventDate "2024.07.01"]
[EventType "team-tourn"]
[EventCountry "POL"]
[SourceTitle "playchess.com"]
[Source "ChessBase"]
[SourceQuality "1"]
[TimeControl "40/5400+30:1800+30"]

1. d4 f5 2. Nf3 Nf6 3. g3 g6 4. Bg2 Bg7 5. O-O O-O 6. b3 c6 7. Bb2 d5 8. c4 e6 9. Nbd2 Nbd7 10. e3 h6 11. b4 g5 12. a4 Ne4 13. b5 Kh7 14. Ne1 Nxd2 15. Qxd2 Nb6 16. c5 Nc4 17. Qe2 cxb5 18. Bc3 bxa4 19. Rxa4 Bd7 20. Rb4 b5 21. cxb6 Nxb6 22. Nd3 a5 23. Rbb1 Na4 24. Bd2 Qc8 25. Ne5 Bxe5 26. dxe5 Nc3 27. Bxc3 Qxc3 28. f4 g4 29. Rfc1 Qa3 30. Rc7 Rf7 31. Rbb7 Rd8 32. Bxd5 exd5 33. e6 Bxe6 34. Rxf7+ Bxf7 35. Rxf7+ Kg6 36. Rb7 Qc1+ 37. Kg2 Rc8 38. Rb2 Rc4 39. Qd2 Qxd2+ 40. Rxd2 a4 41. h3 h5 42. hxg4 hxg4 43. Kf2 Kf6 44. Ke2 Ke6 45. Rb2 Kd6 46. Rb8 Rc3 47. Ra8 Ra3 48. Rf8 Kc5 49. Rxf5 Kc4 50. Re5 Ra2+ 51. Ke1 a3 52. f5 Rg2 0-1

[Event "WSTCC-65 2024"]
[Site "Krakow"]
[Date "2024.07.07"]
[Round "6.3"]
[White "Bykhovsky, Avigdor"]
[Black "Mestel, A Jonathan"]
[Result "1-0"]
[ECO "E84"]
[WhiteElo "2335"]
[BlackElo "2470"]
[Annotator "TA"]
[PlyCount "83"]
[EventDate "2024.07.01"]
[EventType "team-tourn"]
[EventCountry "POL"]
[SourceTitle "playchess.com"]
[Source "ChessBase"]
[SourceQuality "1"]
[TimeControl "40/5400+30:1800+30"]

1. d4 Nf6 2. c4 g6 3. Nc3 Bg7 4. e4 d6 5. f3 O-O 6. Be3 Nc6 7. Nge2 a6 8. Qd2 Rb8 9. Rc1 Bd7 10. Nd1 Re8 11. g3 b5 12. c5 {[%emt 0:04:52] The position is equal.} dxc5 13. Rxc5 {Threatening e5.} e5 {[%emt 0:01:06] [#] Strongly threatening ...exd4.} 14. d5 Nd4 15. Bg2 Nxe2 16. Kxe2 b4 17. b3 Bf8 18. Rc2 Bb5+ 19. Kf2 c6 20. dxc6 {[%emt 0:01:42] [#] And now Qxd8 would win.} Qc7 21. Nb2 Rbd8 22. Qc1 Re6 23. Bf1 Rdd6 24. Bxb5 axb5 25. Rd1 Rxc6 26. Rdd2 Red6 (26... Nh5 $11) 27. Rxc6 (27. Nd3 $16) 27... Rxc6 $14 28. Qe1 Rc3 29. Nd3 (29. Kg2 $14) 29... Nd7 30. Kg2 h5 31. Nf2 (31. Qe2 $14) 31... Nc5 $11 32. Nd1 Rc1 (32... Ne6 $5) 33. Qe2 {[%emt 0:00:59][%cal Od2d5] Rd5! is the strong threat.} Ne6 (33... Qa5 $14 {deserves consideration.}) 34. Qxb5 $16 Ra1 35. Nf2 Qc3 36. Qe2 Bc5 (36... Rb1 $14) 37. Rd3 Re1 38. Rxc3 Rxe2 39. Rxc5 Nxc5 (39... Rxe3 $16 40. Rxe5 Re2) 40. Bxc5 $18 {[%emt 0:00:02] White is clearly better.} Rxa2 41. Bxb4 Rb2 42. Bc3 {[%emt 0:00:00][%csl LRb2,LRe5] Weighted Error Value: White=0.13 (very precise) /Black=0.18 (very precise) .  Mistake:       	White=3     	Black=4      Inaccurate:     	White=3     	Black=3      OK:         	White=16    	Black=14     Best:        	White=3     	---} 1-0

[Event "WSTCC-65 2024"]
[Site "Krakow"]
[Date "2024.07.07"]
[Round "6.3"]
[White "Czajkowski, Ryszard"]
[Black "Joentausta, Hannu"]
[Result "1/2-1/2"]
[ECO "E43"]
[WhiteElo "1975"]
[BlackElo "2102"]
[Annotator "RC"]
[PlyCount "107"]
[EventDate "2024.07.01"]
[EventType "team-tourn"]
[EventCountry "POL"]
[SourceTitle "playchess.com"]
[Source "ChessBase"]
[SourceQuality "1"]
[TimeControl "40/5400+30:1800+30"]

1. d4 Nf6 2. c4 e6 3. Nc3 Bb4 4. e3 b6 5. Bd3 Bb7 6. f3 Nh5 7. Nge2 O-O 8. Qc2 f5 9. a3 Bxc3+ 10. Nxc3 Qh4+ 11. Qf2 Qxf2+ 12. Kxf2 Nc6 13. b4 Ne7 14. g3 Nf6 15. Ke2 e5 16. d5 a6 17. Bb2 d6 18. Bc2 Bc8 19. Rhc1 Bd7 20. Bb3 Kh8 21. Ba2 Rae8 22. Rg1 f4 23. e4 fxg3 24. hxg3 Nh5 25. Raf1 Rf7 26. Bb3 Ref8 27. Ke3 Nf6 28. Rh1 h6 29. Bd1 Ng6 30. Be2 Kg8 31. Nb1 Re7 32. Nd2 Rfe8 33. Bc3 Nf8 34. c5 Bb5 35. cxd6 cxd6 36. Rc1 Bxe2 37. Kxe2 Rc7 38. Bb2 Rec8 39. Rxc7 Rxc7 40. Rc1 Rxc1 41. Bxc1 b5 42. Nb3 N8d7 43. Be3 Kf7 44. Na5 Ke8 45. Nb7 Ke7 46. Ba7 Ne8 47. Na5 Nef6 48. Nc6+ Ke8 49. Ke3 Nh5 50. Kf2 Nhf6 51. Kg2 Ng8 52. Be3 Ne7 53. Nxe7 Kxe7 54. g4 1/2-1/2

[Event "WSTCC-65 2024"]
[Site "Krakow"]
[Date "2024.07.07"]
[Round "6.3"]
[White "Pietrzak, Janusz"]
[Black "Jorgensen, Arne Bjorn"]
[Result "1/2-1/2"]
[ECO "C10"]
[WhiteElo "1919"]
[BlackElo "1940"]
[Annotator "NA RC"]
[PlyCount "33"]
[EventDate "2024.07.01"]
[EventType "team-tourn"]
[EventCountry "POL"]
[SourceTitle "playchess.com"]
[Source "ChessBase"]
[SourceQuality "1"]
[TimeControl "40/5400+30:1800+30"]

1. e4 e6 2. d4 d5 3. Nc3 dxe4 4. Nxe4 Be7 5. Nf3 Nd7 6. Bd3 Ngf6 7. O-O O-O 8. Bg5 h6 9. Nxf6+ Nxf6 10. Bxf6 Bxf6 11. c3 b6 12. Be4 Rb8 13. Re1 Bb7 14. Bxb7 Rxb7 15. Ne5 Bxe5 16. Rxe5 c6 17. Qe2 1/2-1/2

[Event "WSTCC-65 2024"]
[Site "Krakow"]
[Date "2024.07.07"]
[Round "6.4"]
[White "Chapman, Terry P D"]
[Black "Lederman, Leon"]
[Result "1/2-1/2"]
[ECO "A05"]
[WhiteElo "2287"]
[BlackElo "2198"]
[Annotator "TA"]
[PlyCount "105"]
[EventDate "2024.07.01"]
[EventType "team-tourn"]
[EventCountry "POL"]
[SourceTitle "playchess.com"]
[Source "ChessBase"]
[SourceQuality "1"]
[TimeControl "40/5400+30:1800+30"]

1. Nf3 Nf6 2. c4 c6 3. g3 d5 4. Bg2 Bf5 5. Qb3 Qb6 6. d3 e6 7. Be3 Qa6 8. Nh4 Bg6 9. Nc3 Be7 10. Nxg6 hxg6 11. h3 Nbd7 12. a3 dxc4 13. Qxc4 Qxc4 14. dxc4 a5 (14... Bc5 $11) 15. Na4 $14 Kd8 (15... O-O $14 {is superior.}) 16. O-O Kc7 17. g4 (17. Rfd1 $16) 17... Ne8 (17... Nh7 $14) 18. Rfd1 $16 {[%emt 0:01:29][%cal Od1d7] aiming for Rxd7+!} Nd6 19. Rac1 (19. c5 $16 Nc8 20. Rd2) 19... e5 20. f4 (20. c5 $16 Nb5 21. Nb6) 20... f6 21. Rc2 (21. c5 $14 Nf7 22. f5) 21... Rhe8 (21... Nf7 $11) 22. c5 {[%emt 0:04:42] White is much more active.} Nb5 23. Be4 Nf8 24. fxe5 (24. Rcd2 {simplifies} Nd4 25. fxe5 fxe5 26. Rf1) 24... fxe5 25. Nb6 (25. Rcd2 $16) 25... Rad8 $11 26. Rxd8 Rxd8 27. Nc4 Nd4 28. Rd2 Bxc5 {[%emt 0:02:58] White must now prevent ...b5.} 29. Kg2 (29. Nxa5 $2 {is the wrong capture.} Nf3+ 30. exf3 Bxe3+ 31. Rf2 Rd2 $19 (31... Bxf2+ $2 32. Kxf2 Rd2+ 33. Kg3 $19)) 29... Nb3 (29... Nd7 $11) 30. Rxd8 $14 Kxd8 31. Bxc5 Nxc5 {[%emt 0:00:06][%mdl 4096] Endgame. KBN-KNN} 32. Kf3 g5 ({Black should try} 32... Nb3 $14) 33. Nxa5 $16 Kc7 34. Nc4 Nfd7 35. Bf5 b5 36. Nd2 Nf6 37. Kf2 Kd6 {[%emt 0:06:57] [#]} 38. Nf3 $1 Nce4+ {[%emt 0:00:30] [#]} 39. Bxe4 ({Better is} 39. Ke3 $1 $16 Kd5 40. b3) 39... Nxe4+ {[%emt 0:00:06] KN-KN. The position is equal.} 40. Ke3 Kd5 41. b3 {[%emt 0:04:02] Strongly threatening a4.} Nc5 42. Nxg5 {[%emt 0:04:58] b4 is the strong threat.} Nxb3 43. h4 Na5 44. Kd3 Nc4 45. h5 Nxa3 46. e4+ Kd6 47. Nf7+ Ke6 48. Nd8+ Kd7 49. g5 Ke8 (49... Kxd8 $2 {loses.} 50. h6 gxh6 51. gxh6 $18) 50. Nxc6 Nc4 51. h6 gxh6 52. gxh6 {[%emt 0:00:04] White threatens h7 and mate.} Kf7 53. Kc3 {[%emt 0:01:15] Weighted Error Value: White=0.19 (very precise) /Black=0.21 (precise) .  Mistake:       	White=6     	Black=6      Inaccurate:     	White=1     	Black=4      OK:         	White=14    	Black=18     Best:        	White=6     	Black=2      Strong:       	White=1     	---} 1/2-1/2

[Event "WSTCC-65 2024"]
[Site "Krakow"]
[Date "2024.07.07"]
[Round "6.4"]
[White "Vinke, Dietmar"]
[Black "Krupa, Jerzy"]
[Result "1/2-1/2"]
[ECO "D69"]
[WhiteElo "2097"]
[BlackElo "1885"]
[Annotator "NA RC"]
[PlyCount "63"]
[EventDate "2024.07.01"]
[EventType "team-tourn"]
[EventCountry "POL"]
[SourceTitle "playchess.com"]
[Source "ChessBase"]
[SourceQuality "1"]
[TimeControl "40/5400+30:1800+30"]

1. d4 d5 2. c4 e6 3. Nc3 Be7 4. Nf3 Nf6 5. Bg5 O-O 6. e3 Nbd7 7. Rc1 c6 8. Bd3 dxc4 9. Bxc4 Nd5 10. Bxe7 Qxe7 11. O-O Nxc3 12. Rxc3 e5 13. dxe5 Nxe5 14. Nxe5 Qxe5 15. f4 Qe7 16. f5 b5 17. f6 gxf6 18. Bd3 Rd8 19. Qc2 b4 20. Bxh7+ Kh8 21. Rd3 Ba6 22. Rxd8+ Rxd8 23. Re1 c5 24. Bf5 Qe5 25. Qf2 Kg7 26. Rc1 c4 27. h3 c3 28. bxc3 bxc3 29. Qf4 Qc5 30. Kh2 Rd2 31. Rc2 Rxc2 32. Bxc2 1/2-1/2

[Event "WSTCC-65 2024"]
[Site "Krakow"]
[Date "2024.07.07"]
[Round "6.5"]
[White "Sharif, Mehrshad"]
[Black "Ftacnik, Lubomir"]
[Result "1/2-1/2"]
[ECO "A05"]
[WhiteElo "2324"]
[BlackElo "2452"]
[Annotator "TA"]
[PlyCount "40"]
[EventDate "2024.07.01"]
[EventType "team-tourn"]
[EventCountry "POL"]
[SourceTitle "playchess.com"]
[Source "ChessBase"]
[SourceQuality "1"]
[TimeControl "40/5400+30:1800+30"]

1. Nf3 Nf6 2. g3 g6 3. Bg2 d5 4. O-O Bg7 5. d4 O-O 6. c4 dxc4 7. Na3 Nc6 8. Nxc4 Be6 9. b3 a5 10. a4 (10. Bb2 $14 {should be considered.}) 10... Qc8 11. Bb2 Rd8 12. Rc1 {[%emt 0:07:55] White has an edge.} Bh3 13. e3 Bxg2 14. Kxg2 Qe6 15. Qe2 Ne4 {[%emt 0:01:44] The position is equal.} 16. Ng1 Nb4 17. Rfd1 Na2 18. Rc2 Nb4 {[%emt 0:03:38] [#] Strongly threatening ...b5.} 19. Rcc1 Na2 20. Rc2 Nb4 {[%emt 0:00:07] Weighted Error Value: White=0.09 (flawless) /Black=0.05 (flawless) .  Inaccurate:     	---       	Black=1      OK:         	White=5     	Black=4      Best:        	White=1     	---} 1/2-1/2

[Event "WSTCC-65 2024"]
[Site "Krakow"]
[Date "2024.07.07"]
[Round "6.5"]
[White "Vogt, Lothar"]
[Black "Kyas, Juergen"]
[Result "1/2-1/2"]
[ECO "B27"]
[WhiteElo "2292"]
[BlackElo "2173"]
[Annotator "TA"]
[PlyCount "36"]
[EventDate "2024.07.01"]
[EventType "team-tourn"]
[EventCountry "POL"]
[SourceTitle "playchess.com"]
[Source "ChessBase"]
[SourceQuality "1"]
[TimeControl "40/5400+30:1800+30"]

1. e4 c5 2. Nf3 g6 3. c4 Nc6 4. d4 cxd4 5. Nxd4 Nf6 6. Nc3 d6 7. Be2 Nxd4 8. Qxd4 Bg7 9. Be3 O-O 10. Qd2 a5 11. f3 a4 $1 12. Rc1 Be6 {[%emt 0:00:54] White is slightly better.} 13. Nb5 Nd7 14. Nd4 Nc5 15. Nxe6 fxe6 16. O-O Qa5 {[%emt 0:05:37] Prevents Qb4.} 17. Rfd1 (17. Qxa5 $11 Rxa5 18. Rc2) 17... Qxd2 $15 18. Rxd2 Rfc8 {[%emt 0:00:26] Weighted Error Value: White=0.20 (precise) /Black=0.06 (flawless) .  Mistake:       	White=1     	---        Inaccurate:     	White=3     	Black=2      OK:         	White=1     	Black=2      Best:        	---       	Black=1      Strong:       	---       	Black=1} 1/2-1/2

[Event "WSTCC-65 2024"]
[Site "Krakow"]
[Date "2024.07.07"]
[Round "6.5"]
[White "Chubar, Vladimir"]
[Black "Vilerte, Tamara"]
[Result "1/2-1/2"]
[ECO "D03"]
[WhiteElo "1836"]
[BlackElo "1971"]
[Annotator "NA RC"]
[PlyCount "32"]
[EventDate "2024.07.01"]
[EventType "team-tourn"]
[EventCountry "POL"]
[SourceTitle "playchess.com"]
[Source "ChessBase"]
[SourceQuality "1"]
[TimeControl "40/5400+30:1800+30"]

1. d4 d5 2. Nf3 Nf6 3. Bg5 c6 4. Nbd2 Bf5 5. e3 e6 6. Be2 Be7 7. c4 dxc4 8. Bxc4 Nbd7 9. O-O O-O 10. Qe2 Ne4 11. Bxe7 Qxe7 12. Nxe4 Bxe4 13. Rfd1 Bxf3 14. Qxf3 Qg5 15. Bb3 Nf6 16. h3 Rfd8 1/2-1/2

[Event "WSTCC-65 2024"]
[Site "Krakow"]
[Date "2024.07.07"]
[Round "6.6"]
[White "Plachetka, Jan"]
[Black "Roos, Daniel"]
[Result "1/2-1/2"]
[ECO "A15"]
[WhiteElo "2289"]
[BlackElo "2307"]
[Annotator "TA"]
[PlyCount "28"]
[EventDate "2024.07.01"]
[EventType "team-tourn"]
[EventCountry "POL"]
[SourceTitle "playchess.com"]
[Source "ChessBase"]
[SourceQuality "1"]
[TimeControl "40/5400+30:1800+30"]

1. c4 Nf6 2. Nf3 g6 3. Nc3 d5 4. cxd5 Nxd5 5. e4 Nxc3 6. bxc3 Bg7 7. d4 O-O 8. Be3 c5 9. Qd2 Bg4 10. Be2 Nc6 11. d5 Qa5 12. Rc1 Rad8 {[%emt 0:03:14] The position is equal.} 13. h3 Bxf3 14. Bxf3 e6 {[%emt 0:05:57] Not much happened in this game.   OK:         	---       	Black=2} 1/2-1/2

[Event "WSTCC-65 2024"]
[Site "Krakow"]
[Date "2024.07.07"]
[Round "6.6"]
[White "Baum, Bernd"]
[Black "Miltner, Arndt"]
[Result "1/2-1/2"]
[ECO "A20"]
[WhiteElo "2203"]
[BlackElo "2259"]
[Annotator "TA"]
[PlyCount "31"]
[EventDate "2024.07.01"]
[EventType "team-tourn"]
[EventCountry "POL"]
[SourceTitle "playchess.com"]
[Source "ChessBase"]
[SourceQuality "1"]
[TimeControl "40/5400+30:1800+30"]

1. c4 e5 2. g3 Nf6 3. Bg2 c6 4. d4 e4 5. d5 Bb4+ 6. Nc3 Qe7 (6... O-O $11) 7. Nh3 d6 8. O-O {[%emt 0:00:29] The position is equal.} O-O 9. Bd2 cxd5 10. cxd5 Bf5 11. Qb3 ({Don't go for} 11. Nxe4 $2 Bxe4 12. Bxb4 Bxg2 (12... Nxd5 $2 {too greedy.} 13. Bxd6 Qxd6 14. Bxe4 $18) 13. Kxg2 Qe4+ 14. Kg1 Qxb4 $19) 11... Na6 12. Bg5 Rfe8 13. Rac1 h6 {[%emt 0:07:02] Black is slightly better.} 14. Bxf6 Qxf6 15. e3 Bxc3 16. Qxc3 {[%emt 0:01:33] Weighted Error Value: White=0.23 (precise) /Black=0.19 (very precise) .  Mistake:       	---       	Black=1      Inaccurate:     	White=4     	Black=1      OK:         	White=3     	Black=1      Best:        	---       	Black=1} 1/2-1/2

[Event "WSTCC-65 2024"]
[Site "Krakow"]
[Date "2024.07.07"]
[Round "6.6"]
[White "Goldmane, Astra"]
[Black "Dovzhenko, Viktor"]
[Result "1/2-1/2"]
[ECO "B06"]
[WhiteElo "1989"]
[BlackElo "2044"]
[Annotator "RC"]
[PlyCount "123"]
[EventDate "2024.07.01"]
[EventType "team-tourn"]
[EventCountry "POL"]
[SourceTitle "playchess.com"]
[Source "ChessBase"]
[SourceQuality "1"]
[TimeControl "40/5400+30:1800+30"]

1. e4 g6 2. d4 a6 3. c4 c6 4. Nc3 b5 5. a3 Bg7 6. Be3 d6 7. Qd2 h5 8. h3 Nf6 9. Nf3 bxc4 10. Bxc4 d5 11. exd5 cxd5 12. Bd3 Nbd7 13. O-O Bb7 14. Ng5 e5 15. dxe5 Nxe5 16. Bc5 Nfd7 17. Bd4 O-O 18. Be2 Rc8 19. Rad1 Nc5 20. Bxc5 Rxc5 21. Nf3 d4 22. Nxd4 Qa8 23. f3 Kh7 24. Nb3 Nc4 25. Bxc4 Rxc4 26. Qe2 Rc6 27. Ne4 Rb6 28. Qc4 a5 29. Ng5+ Kg8 30. Nc5 Qc8 31. b3 Rc6 32. b4 Ba6 33. Qd5 Bxf1 34. Kxf1 axb4 35. axb4 Rc7 36. Nd7 Rxd7 37. Qxd7 Qc4+ 38. Kg1 Qxb4 39. Qd5 Qf4 40. Qd2 Qa4 41. Ne4 Rb8 42. Kh1 Be5 43. Rc1 Kg7 44. Qg5 Rb5 45. Ng3 Bxg3 46. Qxg3 Qd4 47. Qc7 Rb3 48. Qc5 Qf6 49. Re1 Kh7 50. Qe5 Qxe5 51. Rxe5 h4 52. Re4 g5 53. Rg4 f6 54. Rc4 Kg6 55. f4 Rb2 56. fxg5 fxg5 57. Rc5 Rf2 58. Kg1 Rf6 59. g3 hxg3 60. Kg2 Rb6 61. Kxg3 Kh5 62. Rc3 1/2-1/2